 Dungeon Crawl Stone Soup version 0.30-a0-739-gea05faddec (webtiles) character file.

Game seed: 12450728719728311634

20390 Bnni the Merchant of Misery (level 12, -38/97 HPs)
             Began as a Demonspawn Necromancer on Feb 4, 2023.
             Was a Believer of Kikubaaqudgha.
             Annihilated by an enormous slime creature (66 damage)
             ... on level 12 of the Dungeon on Feb 5, 2023.
             The game lasted 00:36:56 (12611 turns).

Bnni the Merchant of Misery (DsNe)                 Turns: 12611, Time: 00:36:56

Health: -38/97     AC: 13    Str:  2    XL:     12   Next: 44%
Magic:  0/34       EV: 12    Int: 34    God:    Kikubaaqudgha [**....]
Gold:   693        SH:  0    Dex: 16    Spells: 9/30 levels left

rFire   . . .      SeeInvis .    Q - +6 falchion "Muefocwai" {venom, rElec rCorr Str-5 Int+6}
rCold   + . .      Faith    .    (no shield)
rNeg    + . .      Spirit   +    r - +2 robe {rC+}
rPois   .          Reflect  .    m - +0 helmet {Int+3}
rElec   +          Harm     .    t - +2 cloak
rCorr   +          Rampage  .    C - +0 pair of gloves
Will    .....                    M - +0 pair of boots "Vebeps" {Slay+4}
Stlth   ++                       o - amulet "Dyt Liq" {RegenMP rN+ Str-2 Int+3 Dex+3}
HPRegen 0.36/turn                G - ring of magical power
MPRegen 0.88/turn                (no ring)

@: about to teleport, animating dead (expiring)
A: slimy green scales 2, demonic guardian 3, magic shield, magic regeneration
a: Renounce Religion, Unearth Wretches


You were on level 12 of the Dungeon.
You worshipped Kikubaaqudgha.
Kikubaaqudgha was pleased with you.
You visited 1 branch of the dungeon, and saw 12 of its levels.

You collected 693 gold pieces.

Inventory:

Hand Weapons
 a - a +0 quarterstaff of freezing
 n - a +1 dagger of venom
 E - a +2 whip of electrocution
 L - a +0 trident
 Q - the +6 falchion "Muefocwai" (weapon) {venom, rElec rCorr Str-5 Int+6}
   (You found it on level 11 of the Dungeon)

   Str:       It affects your strength (-5).
   Int:       It affects your intelligence (+6).
   rElec:     It insulates you from electricity.
   rCorr:     It protects you from acid and corrosion.
Missiles
 q - 55 poisoned darts
 x - 3 boomerangs of dispersal
Armour
 m - a +0 helmet of intelligence (worn)
 r - a +2 robe of cold resistance (worn)
 t - a +2 cloak (worn)
 C - a +0 pair of gloves (worn)
 M - the +0 pair of boots "Vebeps" (worn) {Slay+4}
   (You found it on level 8 of the Dungeon)

   Slay:      It affects your accuracy & damage with ranged weapons and melee
   (+4).
Jewellery
 g - a ring of ice
 o - the amulet "Dyt Liq" (around neck) {RegenMP rN+ Str-2 Int+3 Dex+3}
   (You found it on level 4 of the Dungeon)

   [amulet of magic regeneration]

   It increases your rate of magic regeneration.
   Str:       It affects your strength (-2).
   Int:       It affects your intelligence (+3).
   Dex:       It affects your dexterity (+3).
   rN:        It protects you from negative energy.
 G - a ring of magical power (left hand)
Wands
 f - a wand of iceblast (13)
 y - a wand of digging (5)
 J - a wand of flame (7)
 K - a wand of polymorph (7)
Scrolls
 i - 5 scrolls of teleportation
 k - 2 scrolls of vulnerability {unknown}
 s - 3 scrolls of noise {unknown}
 u - 4 scrolls of fog {unknown}
 w - a scroll of brand weapon {unknown}
 z - 3 scrolls of fear {unknown}
 A - 2 scrolls of magic mapping {unknown}
 B - 2 scrolls of blinking {unknown}
 D - 2 scrolls of silence {unknown}
 P - 2 scrolls of enchant armour {unknown}
Potions
 b - 3 potions of magic
 c - 7 potions of curing
 d - 4 potions of heal wounds
 e - 5 potions of attraction
 h - 2 potions of brilliance {unknown}
 j - 5 potions of haste
 l - a potion of resistance {unknown}
 p - 11 potions of ambrosia
 v - 2 potions of flight {unknown}
 F - a potion of invisibility {unknown}
 H - 2 potions of mutation {unknown}
 I - 3 potions of might
 N - a potion of lignification {unknown}
 O - 2 potions of cancellation {unknown}
 R - a potion of berserk rage {unknown}


   Skills:
 + Level 10.1 Fighting
 - Level 1.7 Dodging
 - Level 1.7 Stealth
 + Level 9.5 Spellcasting
 * Level 15.9 Necromancy
 - Level 2.0 Translocations
 + Level 4.8 Ice Magic


You had 9 spell levels left.
You knew the following spells:

 Your Spells              Type           Power      Damage    Failure   Level
a - Necrotise             Necr           100%       1d9       0%          1
b - Blink                 Tloc           58%        N/A       1%          2
c - Vampiric Draining     Necr           90%        2d12      0%          3
d - Animate Dead          Necr           90%        N/A       1%          4
e - Apportation           Tloc           58%        N/A       1%          1
f - Dispel Undead         Necr           90%        3d29      1%          4
g - Simulacrum            Ice/Necr       36%        N/A       6%          6

Your spell library contained the following spells:

 Spells                   Type           Power      Damage    Failure   Level
 Freeze                   Ice            100%       1d10      1%          1
 Kiss of Death            Conj/Necr      100%       2d13      1%          1
 Lesser Beckoning         Tloc           58%        N/A       1%          2
 Frozen Ramparts          Ice            98%        1d15      1%          3
 Agony                    Necr           90%        N/A       1%          5
 Momentum Strike          Conj/Tloc      46%        3d9       2%          2
 Hailstorm                Conj/Ice       32%        3d8       3%          3
 Confusing Touch          Hex            16%        N/A       9%          3
 Ice Form                 Ice/Tmut       32%        N/A       11%         4
 Alistair's Intoxication  Tmut/Pois      10%        N/A       61%         5


Dungeon Overview and Level Annotations

Branches:
Dungeon (12/15)            Temple (0/1) D:7            Lair (0/5) D:8
    Orc (0/2) D:10

Altars:
Ashenzari
Cheibriados
Dithmenos
Gozag
Kikubaaqudgha
Makhleb
Ru
Vehumet
Wu Jian

Shops:
D:1 *   D:2 [   D:6 *   D:10 ?

Annotations:
D:11 1 transporter, Zolda's ghost, journeyman MiBe
D:12 3 runed translucent doors


Innate Abilities, Weirdness & Mutations

You are mostly covered in slimy green scales. (AC +3)
A powerful demonic guardian rushes to your aid.
When hurt, damage is shared between your health and your magic reserves.
You regenerate magic rapidly.


Message History

You hit the yak.
The yak is poisoned.
The yak is lightly wounded.
Your reaping aura is weakening.
Two slime creatures merge to form an enormous slime creature.
The orc hits your orc zombie with a +0 trident.
The yak gores you.
The slime creature hits you but does no damage.
Your yak zombie gores the yak but does no damage.
Your orc zombie hits the slime creature but does no damage.
Your orc zombie hits the yak but does no damage.
You slash the yak!
The yak is poisoned.
The yak is severely wounded.
The yak gores you but does no damage.
The orc hits your orc zombie with a +0 trident!
Your orc zombie is destroyed!
The slime creature barely misses you. The yak gores you.
Your centaur warrior zombie hits the enormous slime creature!
Your centaur warrior zombie kicks the enormous slime creature.
Your yak zombie gores the yak.
The cyclops hits your yak zombie!
Your orc zombie hits the slime creature.
Okay, then.
As you read the scroll of teleportation, it crumbles to dust.
You feel strangely unstable. The yak gores you! The slime creature hits you!
The yak gores your orc zombie!
Your orc zombie is destroyed!
The enormous slime creature hits your centaur warrior zombie!
Your centaur warrior zombie hits the enormous slime creature.
Your centaur warrior zombie kicks the enormous slime creature.
Your yak zombie gores the yak!
You barely miss the yak.
The yak is severely wounded.
Your centaur warrior zombie hits the enormous slime creature!
Your centaur warrior zombie kicks the enormous slime creature.
The orc hits your yak zombie with a +0 trident.
The yak barely misses you. The slime creature hits you!
* * * LOW HITPOINT WARNING * * *
The enormous slime creature hits you!!!!
Ouch! That really hurt!
You die...
Kikubaaqudgha rasps: "You have failed me!
Welcome... death!"

#.# .....
##.. #.
.###....##.
.#
#....#.##
#...#...
#...+ooo
#...+YC#
##...+Z.#
#....#YY#
#....#Y@###
....##JJ..#
. #Z.#...#
#..##..##
#.... #...
.......
..#.
..!.... ..#
.# ......J
... /
#...... ...


You could see an enormous slime creature, a slime creature (ally target), a
cyclops, 4 yaks, an orc wizard, 2 orcs, a friendly yak zombie and a friendly
centaur warrior zombie.

Vanquished Creatures
  A fire dragon (D:10)
  An ogre mage (D:11)
  2 two-headed ogres
  A boulder beetle (D:12)
  Urug (D:10)
  Nergalle (D:10)
  An orc knight (D:11)
  6 deep elf zephyrmancers (D:11)
  3 deep elf pyromancers (D:11)
  A cyclops (D:6)
  2 manticores
  Maggie (D:10)
  A kobold demonologist (D:11)
  7 trolls
  Sigmund (D:6)
  A wraith (D:10)
  A shadow (D:10)
  A wyvern (D:11)
  6 yaks
  A steam dragon (D:7)
  Edmund (D:5)
  An acid dragon (D:9)
  A water moccasin (D:7)
  4 orc warriors (D:10)
  A sky beast (D:7)
  4 ice beasts (D:8)
  An ogre (D:7)
  2 wolves (D:8)
  2 phantoms
  A centaur (D:9)
  3 kobold brigands
  3 bullfrogs (D:7)
  A gnoll sergeant (D:11)
  2 necrophages
  4 scorpions
  18 killer bees
  A howler monkey (D:8)
  An electric eel (D:10)
  8 jellies
  6 hounds
  4 orc priests
  An iron imp (D:3)
  5 iguanas
  3 orc wizards
  Robin (D:4)
  8 adders
  A shadow imp (D:5)
  2 white imps
  An ufetubus (D:3)
  2 worms
  3 dart slugs
  26 orcs
  A ball python (D:3)
  11 endoplasms
  A giant cockroach (D:4)
  7 hobgoblins
  19 kobolds
  5 quokkas
  4 bats
  2 frilled lizards (D:2)
  9 goblins
  3 rats
224 creatures vanquished.

Vanquished Creatures (collateral kills)
  Harold (D:9)
  Fannar (D:10)
  Erolcha (D:9)
  2 manticores (D:11)
  A rime drake (D:8)
  A troll (D:11)
  A queen bee (D:9)
  Grinder (D:6)
  A yak (D:11)
  An acid dragon (D:9)
  3 orc warriors
  A sky beast (D:7)
  4 ice beasts (D:8)
  3 centaurs
  2 bullfrogs
  12 killer bees
  3 orc priests
  A hound (D:6)
  3 orc wizards
  2 white imps (D:7)
  13 orcs
  A giant cockroach (D:3)
  2 goblins (D:4)
  2 hobgoblins (D:4)
  A kobold (D:9)
  A rat (D:1)
65 creatures vanquished.

Vanquished Creatures (others)
  A hydra (D:8)
  A death knight (D:11)
  3 centaur warriors
  A boulder beetle (D:9)
  2 centaur zombies
  A manticore (D:9)
  A tengu conjurer (D:9)
  A troll (D:8)
  A yak (D:11)
  An ogre zombie (D:11)
  A human zombie (D:11)
  2 manticore zombies
  A centaur (D:9)
  A kobold brigand (D:10)
  2 troll zombies
  5 yak zombies (D:11)
  A killer bee (D:8)
  A wolf zombie (D:8)
  An iguana (D:10)
  16 killer bee zombies
  2 acid dragon zombies (D:9)
  An ice beast zombie (D:8)
  An adder zombie (D:6)
  An iguana zombie (D:6)
  A jelly zombie (D:6)
  An orc (D:6)
  A bat zombie (D:9)
  A ball python (D:10)
  A ball python zombie (D:10)
  A bat (D:9)
  6 kobold zombies (D:10)
  8 orc zombies
  A rat (D:10)
  A rat zombie (D:10)
  A plant (D:1)
72 creatures vanquished.

Grand Total: 361 creatures vanquished

Notes
Turn   | Place    | Note
-------+----------+-------------------------------------------
     0 | D:1      | Bnni the Demonspawn Necromancer began the quest for the
                  | Orb.
     0 | D:1      | Reached XP level 1. HP: 13/13 MP: 3/3
   183 | D:1      | Found Hidaonk's Assorted Antiques.
   208 | D:1      | Gained mutation: You are partially covered in slimy green
                  | scales. (AC +2) [demonic ancestry]
   208 | D:1      | Reached XP level 2. HP: 20/20 MP: 5/5
   467 | D:1      | Reached skill level 1 in Fighting
   556 | D:1      | Reached skill level 5 in Necromancy
   560 | D:1      | Gained mutation: You regenerate magic rapidly. [demonic
                  | ancestry]
   560 | D:1      | Reached XP level 3. HP: 26/26 MP: 6/6
   564 | D:1      | Learned a level 3 spell: Vampiric Draining
   574 | D:1      | Found a faded altar of an unknown god.
   698 | D:2      | Found Fod Oser's Armour Boutique.
   869 | D:2      | Learned a level 1 spell: Kiss of Death
   896 | D:2      | You fall into a shaft and drop 2 floors!
   917 | D:4      | Gained mutation: A weak demonic guardian rushes to your
                  | aid. [demonic ancestry]
   917 | D:4      | Reached XP level 4. HP: 23/31 MP: 4/7
   960 | D:4      | Noticed Robin
   965 | D:4      | Noticed a phantom
   984 | D:4      | Killed a phantom
   985 | D:4      | Reached XP level 5. HP: 26/38 MP: 6/9
  1007 | D:4      | Killed Robin
  1008 | D:4      | Reached skill level 6 in Necromancy
  1093 | D:4      | Identified the amulet "Dyt Liq" {RegenMP rN+ Str-2 Int+3
                  | Dex+3}
  1135 | D:4      | Reached XP level 6. HP: 29/44 MP: 4/11
  1331 | D:3      | Learned a level 4 spell: Dispel Undead
  1682 | D:2      | Reached skill level 7 in Necromancy
  2270 | D:3      | Found a snail-covered altar of Cheibriados.
  2975 | D:4      | Gained mutation: You are mostly covered in slimy green
                  | scales. (AC +3) [demonic ancestry]
  2975 | D:4      | Reached XP level 7. HP: 48/52 MP: 10/12
  3018 | D:4      | Learned a level 4 spell: Animate Dead
  3314 | D:4      | Found an ancient bone altar of Kikubaaqudgha.
  3393 | D:4      | Became a worshipper of Kikubaaqudgha
  3415 | D:5      | Entered Level 5 of the Dungeon
  3829 | D:5      | Noticed Edmund
  3845 | D:5      | Killed Edmund
  3846 | D:5      | Reached skill level 8 in Necromancy
  4016 | D:5      | Found a shadowy altar of Dithmenos.
  4049 | D:5      | Gained mutation: A demonic guardian rushes to your aid.
                  | [demonic ancestry]
  4049 | D:5      | Reached XP level 8. HP: 47/61 MP: 10/14
  4469 | D:6      | Noticed Grinder
  4682 | D:6      | Reached skill level 9 in Necromancy
  4697 | D:6      | Reached skill level 5 in Spellcasting
  4855 | D:6      | Found Yrpheil's CLEARANCE SALE!.
  4889 | D:6      | Reached skill level 5 in Fighting
  4923 | D:6      | Found a sacrificial altar of Ru.
  4954 | D:6      | Noticed Sigmund
  5075 | D:6      | Killed Sigmund
  5075 | D:6      | Reached * piety under Kikubaaqudgha
  5075 | D:6      | Received a gift from Kikubaaqudgha
  5365 | D:7      | Identified the +2 ring mail "Letriubi" {Dex+2}
  5440 | D:7      | Found a staircase to the Ecumenical Temple.
  5457 | D:7      | Noticed a troll
  5465 | D:7      | Killed a troll
  5466 | D:7      | Reached skill level 10 in Necromancy
  5466 | D:7      | Reached XP level 9. HP: 39/69 MP: 17/17
  6276 | D:7      | Reached skill level 11 in Necromancy
  6730 | D:6      | Killed Grinder
  6855 | D:8      | Noticed a rime drake
  6882 | D:8      | Killed a rime drake
  6893 | D:8      | Reached XP level 10. HP: 76/79 MP: 20/20
  6913 | D:8      | Reached skill level 12 in Necromancy
  6957 | D:8      | Found a staircase to the Lair.
  7051 | D:8      | Found an ornate altar of the Wu Jian Council.
  7240 | D:8      | Found an opulent altar of Gozag.
  7350 | D:8      | Identified the +0 pair of boots "Vebeps" {Slay+4}
  7874 | D:9      | Noticed Harold
  7887 | D:9      | Killed Harold
  7981 | D:9      | Learned a level 2 spell: Blink
  8409 | D:9      | Reached skill level 13 in Necromancy
  8611 | D:9      | Noticed Erolcha
  8620 | D:9      | Killed Erolcha
  8637 | D:9      | Learned a level 6 spell: Simulacrum
  8768 | D:9      | Found a burning altar of Makhleb.
  8945 | D:10     | Entered Level 10 of the Dungeon
  9071 | D:10     | Noticed a two-headed ogre
  9082 | D:10     | Killed a two-headed ogre
  9083 | D:10     | Gained mutation: When hurt, damage is shared between your
                  | health and your magic reserves. [demonic ancestry]
  9083 | D:10     | Reached XP level 11. HP: 86/87 MP: 23/23
  9109 | D:10     | Found Emozucwent's Magic Scroll Shoppe.
  9147 | D:10     | Reached skill level 1 in Ice Magic
  9290 | D:10     | Noticed Urug
  9304 | D:10     | Killed Urug
  9305 | D:10     | Reached skill level 14 in Necromancy
  9648 | D:10     | Noticed Nergalle
  9668 | D:10     | Killed Nergalle
  9703 | D:10     | Noticed Fannar
  9762 | D:10     | Killed Fannar
 10003 | D:10     | Noticed Maggie
 10014 | D:10     | Killed Maggie
 10142 | D:10     | Found a radiant altar of Vehumet.
 10246 | D:10     | Found a broken altar of Ashenzari.
 10250 | D:10     | Saw a vision of the Swamp and the Spider Nest.
 10250 | D:10     | Noticed a seven-headed hydra
 10250 | D:10     | Noticed a bog body
 10250 | D:10     | Noticed a wolf spider
 10250 | D:10     | Noticed a pharaoh ant
 10251 | D:10     | Noticed an orb spider
 10351 | D:10     | Found a staircase to the Orcish Mines.
 10557 | D:10     | Reached ** piety under Kikubaaqudgha
 10661 | D:11     | Identified the +6 falchion "Muefocwai" {venom, rElec rCorr
                  | Str-5 Int+6}
 10879 | D:11     | Found a transporter.
 10881 | D:11     | Noticed a boulder beetle
 10889 | D:11     | Noticed Zolda's ghost (journeyman MiBe)
 10893 | D:11     | Noticed an orc knight
 10901 | D:11     | Reached skill level 1 in Translocations
 10908 | D:11     | Noticed a boulder beetle
 11041 | D:11     | Found a transporter.
 11469 | D:11     | Noticed a two-headed ogre
 11477 | D:11     | Killed a two-headed ogre
 11628 | D:11     | Noticed a deep elf zephyrmancer
 11634 | D:11     | Noticed a deep elf zephyrmancer
 11647 | D:11     | Noticed a deep elf zephyrmancer
 11648 | D:11     | Noticed a deep elf pyromancer
 11648 | D:11     | Noticed a deep elf pyromancer
 11650 | D:11     | Noticed a deep elf pyromancer
 11651 | D:11     | Noticed a deep elf zephyrmancer
 11669 | D:11     | Killed a deep elf pyromancer
 11694 | D:11     | Noticed a deep elf zephyrmancer
 11699 | D:11     | Noticed a deep elf zephyrmancer
 11752 | D:11     | Killed a deep elf zephyrmancer
 11753 | D:11     | Reached skill level 15 in Necromancy
 11784 | D:11     | Killed a deep elf pyromancer
 11877 | D:11     | Noticed a sixfirhy
 11953 | D:11     | Killed a deep elf zephyrmancer
 11954 | D:11     | Gained mutation: A powerful demonic guardian rushes to your
                  | aid. [demonic ancestry]
 11954 | D:11     | Reached XP level 12. HP: 92/96 MP: 25/25
 12231 | D:11     | Learned a level 1 spell: Apportation
 12268 | D:11     | Noticed an ogre mage
 12268 | D:11     | Noticed a death knight
 12308 | D:11     | Reached skill level 10 in Fighting
 12567 | D:12     | Noticed a boulder beetle
 12582 | D:12     | Killed a boulder beetle
 12595 | D:12     | Found a runed translucent gate.
 12595 | D:12     | Found a runed translucent gate.
 12595 | D:12     | Found a runed translucent gate.
 12611 | D:12     | Annihilated by an enormous slime creature

Illustrated notes

Levels and vault maps discovered:
D:1:      giann_bridges, layout_basic, shapermc_ecumenical_altar_ellora,
          serial_shops, nicolae_shop_hallway_plus
D:2:      layout_loops_corners, serial_shops, shop_statue
D:3:      layout_basic, slow_altar_2, roderic_lattice_a
D:4:      layout_rooms, lemuel_round_altar, minmay_misc_feat_nine_boxes,
          minmay_tree_intersection, uniq_robin
D:5:      layout_loops_ring, grunt_dithmenos_shadows, uniq_edmund
D:6:      layout_basic, nicolae_ru_the_path_less_chosen, nicolae_shop_clearance,
          uniq_grinder, uniq_sigmund
D:7:      layout_layer_cave, minmay_temple_entry_crystal_x, dk_rats_in_the_wall
D:8:      layout_loops_corners, nicolae_wu_jian_wuxing_cycle,
          grunt_gozag_breadcrumbs, hellmonk_lair_entry_icy
D:9:      layout_long_grid, general_overflow_altar, special_room
          [special_room_bee], uniq_harold, uniq_erolcha
D:10:     layout_basic, grunt_ashenzari_visionary
          [grunt_ashenzari_visionary_swamp, grunt_ashenzari_visionary_spider],
          nicolae_vehumet_altar_sigil, erik_orc_2, nicolae_take_the_stairs,
          uniq_fannar, uniq_maggie, uniq_nergalle, uniq_urug
D:11:     layout_gridville, nzn_ghost_randoct,
          hangedman_abyss_or_decor_jellyfish_corner, elves_outpost_lemuel
D:12:     layout_cave_pools, portal_ice_cave_rime, gammafunk_ghost_icy

Skill      XL: |  1  2  3  4  5  6  7  8  9 10 11 12 |
---------------+-------------------------------------+-----
Fighting       | 1 2 3 4 5 7 8 9 10 | 10.1
Necromancy     | 5 6 7 8 10 11 13 15 | 15.9
Spellcasting   | 3 4 5 6 8 9 |  9.5
Ice Magic      | 3 4 |  4.8
Translocations | 2 |  2.0
Dodging        | |  1.7
Stealth        | |  1.7

Action                     |  1- 3 |  4- 6 |  7- 9 | 10-12 || total
---------------------------+-------+-------+-------+-------++-------
  Melee: Unarmed           |     2 |       |       |       ||     2
         Dagger            |    18 |   134 |   257 |   174 ||   583
         Punch             |       |     3 |     5 |     4 ||    12
         Falchion          |       |       |       |    90 ||    90
   Fire: Sling             |    38 |       |       |       ||    38
  Throw: Dart              |       |       |    10 |    11 ||    21
         Throwing net      |       |       |       |     3 ||     3
   Cast: Necrotise         |    11 |    46 |    19 |     2 ||    78
         Kiss of Death     |     1 |     1 |     2 |       ||     4
         Vampiric Draining |       |     2 |    24 |   101 ||   127
         Animate Dead      |       |       |     8 |    11 ||    19
         Dispel Undead     |       |       |     3 |     3 ||     6
         Simulacrum        |       |       |       |     6 ||     6
         Apportation       |       |       |       |     2 ||     2
 Invoke: Unearth Wretches  |       |       |     2 |     7 ||     9
  Evoke: Wand              |       |       |       |     5 ||     5
    Use: Scroll            |       |       |     1 |    12 ||    13
         Potion            |       |       |       |     1 ||     1
   Stab: Distracted        |       |     1 |     2 |     2 ||     5
         Sleeping          |       |     4 |     8 |     5 ||    17
         Paralysed         |       |       |     1 |     7 ||     8
         Held in net/web   |       |       |       |     2 ||     2
 Armour: Robe              |    10 |    57 |   116 |   179 ||   362
  Dodge: Dodged            |    21 |    81 |   137 |   272 ||   511

Table legend: (Time is in decaauts)
 A = Elapsed time spent in this place.
 B = Non-inter-level travel time spent in this place.
 C = Inter-level travel time spent in this place.
 D = Time resting spent in this place.
 E = Time spent auto-exploring this place.
 F = Levels seen in this place.
 G = Mean time per level.
                   A        B        C        D        E       F      G
               +--------+--------+--------+--------+--------+-----+--------+
         Total |  12651 |  12213 |    438 |    924 |   8578 |  12 | 1054.2 |
       Dungeon |  12651 |  12213 |    438 |    924 |   8578 |  12 | 1054.2 |
               +--------+--------+--------+--------+--------+-----+--------+

Top non-repeatable levels by time:
    D:10: 1861 daAuts
    D:11: 1783 daAuts
     D:7: 1440 daAuts
     D:9: 1093 daAuts
     D:8: 1091 daAuts
     D:3: 961 daAuts
     D:6: 960 daAuts
     D:5: 944 daAuts
     D:2: 887 daAuts
     D:4: 867 daAuts
     D:1: 712 daAuts
    D:12: 47 daAuts
